MLB
SEATTLE MARINERS @ CHICAGO WHITE SOX
04/25/2018
 
TOP OF THE 1ST
Seattle Mariners batting - Pitching for Chicago White Sox : RHP Brad Peacock
Pitching: RHP Brad Peacock
Batting: LHB Ben Revere 0-0: Ball
1-0: Fly out, F4 (Popup, 4M)
Batting: RHB Matt Kemp 0-0: Swinging Strike
0-1: Ball
1-1: Ball
2-1: Ball
3-1: Base on Balls
Batting: RHB Manny Machado 0-0: Ball
Matt Kemp steals 2nd base
1-0: Ball
2-0: Ground out 6-3 (Groundball, 56D)
Batting: RHB Hanley Ramirez 0-0: Fly out, F9 (Flyball, 9LSF)
Top of the 1st over - 0 runs, 0 hits, 0 errors, 1 left on base; Seattle 0 - Chicago 0
BOTTOM OF THE 1ST
Chicago White Sox batting - Pitching for Seattle Mariners : RHP Daniel Gossett
Pitching: RHP Daniel Gossett
Batting: LHB Andrew Toles 0-0: Ball
1-0: Ball
2-0: Called Strike
2-1: Bunt for hit - play at first, batter OUT! 1-3
Batting: LHB Michael Brantley 0-0: Ball
1-0: SINGLE (Groundball, 4D)
Batting: LHB Charlie Blackmon 0-0: Grounds into double play, 4-6-3 (Groundball, 4)
Bottom of the 1st over - 0 runs, 1 hit, 0 errors, 0 left on base; Seattle 0 - Chicago 0
TOP OF THE 2ND
Seattle Mariners batting - Pitching for Chicago White Sox : RHP Brad Peacock
Batting: RHB Yadier Molina 0-0: Called Strike
0-1: Ball
1-1: Called Strike
1-2: Strikes out swinging
Batting: LHB Preston Tucker 0-0: Called Strike
0-1: Ball
1-1: DOUBLE (Line Drive, 7LS)
Batting: LHB Brandon Nimmo 0-0: Fly out, F7 (Flyball, 7LM)
Batting: RHB Christian Villanueva 0-0: Ball
1-0: Ball
2-0: Called Strike
2-1: Foul Ball, location: 2F
2-2: Strikes out swinging
Top of the 2nd over - 0 runs, 1 hit, 0 errors, 1 left on base; Seattle 0 - Chicago 0
BOTTOM OF THE 2ND
Chicago White Sox batting - Pitching for Seattle Mariners : RHP Daniel Gossett
Batting: LHB Corey Seager 0-0: Ball
1-0: Called Strike
1-1: Called Strike
1-2: Fly out, F3 (Line Drive, 3)
Batting: LHB Daniel Murphy 0-0: DOUBLE (Line Drive, 9LM)
Batting: RHB J.D. Martinez 0-0: Ball
1-0: Swinging Strike
1-1: Ball
2-1: Foul Ball, location: 2F
2-2: Strikes out swinging
Batting: LHB Brandon Belt 0-0: Called Strike
0-1: Foul Ball, location: 2F
0-2: Ball
1-2: Hit by Pitch
Batting: RHB Jonathan Lucroy 0-0: Ball
1-0: SINGLE (Line Drive, 9S)
Daniel Murphy to third
Brandon Belt to second
Runner from 3rd tries for Home, SAFE, throw made home
Batting: RHB Cheslor Cuthbert 0-0: Ball
1-0: Ball
2-0: Called Strike
2-1: Called Strike
2-2: SINGLE (Line Drive, 6M)
Brandon Belt to third
Jonathan Lucroy to second
Runner from 3rd tries for Home, SAFE, throw made home
Batting: LHB Andrew Toles 0-0: Ball
1-0: Foul Ball, location: 2F
1-1: Fly out, F7 (Line Drive, 7)
Bottom of the 2nd over - 2 runs, 3 hits, 0 errors, 2 left on base; Seattle 0 - Chicago 2
TOP OF THE 3RD
Seattle Mariners batting - Pitching for Chicago White Sox : RHP Brad Peacock
Batting: RHB Yunel Escobar 0-0: SINGLE (Groundball, 56D)
Batting: LHB Ben Revere 0-0: Ball
1-0: Ball
2-0: DOUBLE (Flyball, 8LXD)
Yunel Escobar to third
Batting: RHB Matt Kemp 0-0: 3-RUN HOME RUN (Flyball, 7D), Distance : 357 ft
Batting: RHB Manny Machado 0-0: Swinging Strike
0-1: Ball
1-1: Ball
2-1: Called Strike
2-2: Ball
3-2: Foul Ball, location: 2F
3-2: Reached on error, E4 (Groundball, 4)
Batting: RHB Hanley Ramirez 0-0: Called Strike
Manny Machado is caught stealing 2nd base
0-1: Swinging Strike
0-2: Ball
1-2: Ball
2-2: Ball
3-2: Base on Balls
Batting: RHB Yadier Molina 0-0: Called Strike
0-1: SINGLE (Line Drive, 56D)
Hanley Ramirez to second
Batting: LHB Preston Tucker 0-0: Foul Ball, location: 2F
0-1: Swinging Strike
0-2: Ball
Wild Pitch!
Hanley Ramirez to third
Yadier Molina to second
1-2: Ball
2-2: Strikes out swinging
Batting: LHB Brandon Nimmo 0-0: Ball
1-0: Called Strike
1-1: Foul Ball, location: 2F
1-2: Ball
2-2: Foul Ball, location: 2F
2-2: Ball
3-2: Base on Balls
Batting: RHB Christian Villanueva 0-0: Ball
1-0: Fly out, F6 (Line Drive, 6)
Top of the 3rd over - 3 runs, 4 hits, 1 error, 3 left on base; Seattle 3 - Chicago 2
BOTTOM OF THE 3RD
Chicago White Sox batting - Pitching for Seattle Mariners : RHP Daniel Gossett
Batting: LHB Michael Brantley 0-0: Ball
1-0: Ball
2-0: Called Strike
2-1: Ball
3-1: Base on Balls
Batting: LHB Charlie Blackmon 0-0: Called Strike
0-1: Ball
1-1: Called Strike
1-2: Strikes out looking
Batting: LHB Corey Seager 0-0: Foul Ball, location: 2F
0-1: Foul Ball, location: 2F
0-2: Strikes out swinging
Batting: LHB Daniel Murphy 0-0: Called Strike
0-1: Called Strike
0-2: Strikes out looking
Bottom of the 3rd over - 0 runs, 0 hits, 0 errors, 1 left on base; Seattle 3 - Chicago 2
TOP OF THE 4TH
Seattle Mariners batting - Pitching for Chicago White Sox : RHP Brad Peacock
Batting: RHB Yunel Escobar 0-0: Ball
1-0: Ball
2-0: Ball
3-0: Called Strike
3-1: Foul Ball, location: 2F
3-2: Ground out 5-3 (Groundball, 56S)
Batting: LHB Ben Revere 0-0: Ground out 6-3 (Groundball, 6)
Batting: RHB Matt Kemp 0-0: Ball
1-0: Called Strike
1-1: Swinging Strike
1-2: Strikes out swinging
Top of the 4th over - 0 runs, 0 hits, 0 errors, 0 left on base; Seattle 3 - Chicago 2
BOTTOM OF THE 4TH
Chicago White Sox batting - Pitching for Seattle Mariners : RHP Daniel Gossett
Batting: RHB J.D. Martinez 0-0: Foul Ball, location: 2F
0-1: Fly out, F5 (Line Drive, 5)
Batting: LHB Brandon Belt 0-0: Ball
1-0: Swinging Strike
1-1: Foul Ball, location: 2F
1-2: Foul Ball, location: 2F
1-2: Ball
2-2: Ball
3-2: SINGLE (Groundball, 4MD)
Batting: RHB Jonathan Lucroy 0-0: Called Strike
0-1: Ball
1-1: Foul Ball, location: 2F
1-2: Foul Ball, location: 2F
1-2: Ball
2-2: SINGLE (Groundball, 4MD)
Brandon Belt to second
Batting: RHB Cheslor Cuthbert 0-0: Ball
1-0: Called Strike
1-1: Ball
2-1: Ball
3-1: Grounds into double play, 4-6-3 (Groundball, 34)
Bottom of the 4th over - 0 runs, 2 hits, 0 errors, 1 left on base; Seattle 3 - Chicago 2
TOP OF THE 5TH
Seattle Mariners batting - Pitching for Chicago White Sox : RHP Brad Peacock
Batting: RHB Manny Machado 0-0: Foul Ball, location: 2F
0-1: Hit by Pitch
Pitching: RHP Antonio Senzatela
Batting: RHB Hanley Ramirez 0-0: Ball
1-0: Ball
2-0: Ball
3-0: Called Strike
3-1: SINGLE (Flyball, 78S)
Manny Machado to second
Batting: RHB Yadier Molina 0-0: Ball
1-0: Called Strike
1-1: SINGLE (Groundball, 56D)
Manny Machado to third
Hanley Ramirez to second
Batting: LHB Preston Tucker 0-0: Fly out, F9 (Line Drive, 9)
Runner from 3rd tags up, SCORES, throw made
Batting: LHB Brandon Nimmo 0-0: Called Strike
0-1: Ball
Wild Pitch!
Hanley Ramirez to third
Yadier Molina to second
1-1: Ball
2-1: SINGLE (Groundball, 6MD)
Hanley Ramirez scores
Yadier Molina to third
Throwing error, E8
Yadier Molina scores
Brandon Nimmo to second
Batting: RHB Christian Villanueva 0-0: Ball
1-0: Ground out U3 (Groundball, 34)
Brandon Nimmo to third
Batting: RHB Yunel Escobar 0-0: Ball
1-0: Called Strike
1-1: Fly out, F9 (Line Drive, 9)
Top of the 5th over - 3 runs, 3 hits, 1 error, 1 left on base; Seattle 6 - Chicago 2
BOTTOM OF THE 5TH
Chicago White Sox batting - Pitching for Seattle Mariners : RHP Daniel Gossett
Batting: LHB Andrew Toles 0-0: Called Strike
0-1: Ground out U3 (Groundball, 34)
Batting: LHB Michael Brantley 0-0: Fly out, F7 (Flyball, 78M)
Batting: LHB Charlie Blackmon 0-0: Fly out, F6 (Popup, 4D)
Bottom of the 5th over - 0 runs, 0 hits, 0 errors, 0 left on base; Seattle 6 - Chicago 2
TOP OF THE 6TH
Seattle Mariners batting - Pitching for Chicago White Sox : RHP Antonio Senzatela
Pitching: LHP Jared Miller
Batting: LHB Ben Revere 0-0: Called Strike
0-1: Called Strike
0-2: Strikes out swinging
Batting: RHB Matt Kemp 0-0: Foul Ball, location: 2F
0-1: Foul Ball, location: 2F
0-2: Ball
1-2: Ball
2-2: Ball
3-2: Base on Balls
Batting: RHB Manny Machado 0-0: Foul Ball, location: 2F
0-1: Ball
1-1: Called Strike
1-2: Ball
2-2: Ball
3-2: DOUBLE (Line Drive, 78XD)
Matt Kemp to third
Batting: RHB Hanley Ramirez 0-0: Called Strike
0-1: Ball
1-1: Foul Ball, location: 2F
1-2: Strikes out swinging
Batting: RHB Yadier Molina 0-0: Foul Ball, location: 2F
0-1: Swinging Strike
0-2: Ball
1-2: Foul Ball, location: 2F
1-2: Ball
2-2: Strikes out swinging
Top of the 6th over - 0 runs, 1 hit, 0 errors, 2 left on base; Seattle 6 - Chicago 2
BOTTOM OF THE 6TH
Chicago White Sox batting - Pitching for Seattle Mariners : RHP Daniel Gossett
Batting: LHB Corey Seager 0-0: Called Strike
0-1: Fly out, F7 (Flyball, 7D)
Batting: LHB Daniel Murphy 0-0: SOLO HOME RUN (Flyball, 9D), Distance : 382 ft
Batting: RHB J.D. Martinez 0-0: Ball
1-0: Swinging Strike
1-1: Foul Ball, location: 2F
1-2: Ball
2-2: Ball
3-2: Foul Ball, location: 2F
3-2: Base on Balls
Batting: LHB Brandon Belt 0-0: Foul Ball, location: 2F
0-1: Ball
1-1: 2-RUN HOME RUN (Flyball, 9D), Distance : 366 ft
Batting: RHB Jonathan Lucroy 0-0: Called Strike
0-1: Fly out, F8 (Flyball, 8RD)
Batting: RHB Cheslor Cuthbert 0-0: Called Strike
0-1: Swinging Strike
0-2: Ball
1-2: Ball
2-2: Foul Ball, location: 2F
2-2: Strikes out swinging
Bottom of the 6th over - 3 runs, 2 hits, 0 errors, 0 left on base; Seattle 6 - Chicago 5
TOP OF THE 7TH
Seattle Mariners batting - Pitching for Chicago White Sox : LHP Jared Miller
Pitching: LHP Jose Alvarado
Batting: LHB Preston Tucker 0-0: Ball
1-0: Swinging Strike
1-1: Ball
2-1: Ball
3-1: Base on Balls
Pinch Hitting: RHB Kris Bryant 0-0: Foul Ball, location: 2F
0-1: Called Strike
Preston Tucker is caught stealing 2nd base
0-2: Strikes out looking
Batting: RHB Christian Villanueva 0-0: Ball
1-0: Foul Ball, location: 2F
1-1: Called Strike
1-2: Strikes out looking
Top of the 7th over - 0 runs, 0 hits, 0 errors, 0 left on base; Seattle 6 - Chicago 5
BOTTOM OF THE 7TH
Chicago White Sox batting - Pitching for Seattle Mariners : RHP Daniel Gossett
Pitching: RHP Hector Velazquez
Now in CF: Kris Bryant
Batting: LHB Andrew Toles 0-0: Ball
1-0: Swinging Strike
1-1: Fly out, F8 (Flyball, 8LXD)
Batting: LHB Michael Brantley 0-0: Ball
1-0: Ground out 4-3 (Groundball, 4)
Batting: LHB Charlie Blackmon 0-0: Ball
1-0: Ball
2-0: Ball
3-0: DOUBLE (Flyball, 9LD)
Batting: LHB Corey Seager 0-0: Ball
1-0: Swinging Strike
1-1: Swinging Strike
1-2: SINGLE (Groundball, 6MD)
Charlie Blackmon to third
Runner from 3rd tries for Home, SAFE, throw made home
Batting: LHB Daniel Murphy 0-0: Called Strike
0-1: Ball
1-1: Called Strike
1-2: Foul Ball, location: 2F
1-2: Foul Ball, location: 2F
1-2: Ball
2-2: Foul Ball, location: 2F
2-2: Foul Ball, location: 2F
2-2: Ground out 5-3 (Groundball, 6S)
Bottom of the 7th over - 1 run, 2 hits, 0 errors, 1 left on base; Seattle 6 - Chicago 6
TOP OF THE 8TH
Seattle Mariners batting - Pitching for Chicago White Sox : LHP Jose Alvarado
Pitching: RHP Yusmeiro Petit
Batting: RHB Yunel Escobar 0-0: Called Strike
0-1: Ball
1-1: Ball
2-1: Fly out, F9 (Line Drive, 9)
Batting: LHB Ben Revere 0-0: Ball
1-0: Foul Ball, location: 2F
1-1: SINGLE (Line Drive, 89M)
Batting: RHB Matt Kemp 0-0: Ball
1-0: Called Strike
1-1: Ball
2-1: Ball
3-1: Foul Ball, location: 2F
3-2: Strikes out swinging
Batting: RHB Manny Machado 0-0: Called Strike
0-1: Ball
1-1: Fly out, F3 (Popup, 3S)
Top of the 8th over - 0 runs, 1 hit, 0 errors, 1 left on base; Seattle 6 - Chicago 6
BOTTOM OF THE 8TH
Chicago White Sox batting - Pitching for Seattle Mariners : RHP Hector Velazquez
Pitching: RHP Jose Leclerc
Batting: RHB J.D. Martinez 0-0: Called Strike
0-1: Foul Ball, location: 2F
0-2: Strikes out swinging
Batting: LHB Brandon Belt 0-0: Called Strike
0-1: Ball
1-1: Ball
2-1: Foul Ball, location: 2F
2-2: Strikes out swinging
Batting: RHB Jonathan Lucroy 0-0: Ball
1-0: Foul Ball, location: 2F
1-1: Fly out, F7 (Flyball, 7S)
Bottom of the 8th over - 0 runs, 0 hits, 0 errors, 0 left on base; Seattle 6 - Chicago 6
TOP OF THE 9TH
Seattle Mariners batting - Pitching for Chicago White Sox : RHP Yusmeiro Petit
Pitching: RHP Trevor Gott
Batting: RHB Hanley Ramirez 0-0: Ground out 6-3 (Groundball, 6)
Batting: RHB Yadier Molina 0-0: Swinging Strike
0-1: SINGLE (Groundball, 34D)
Batting: LHB Preston Tucker 0-0: Ball
Passed Ball!
Yadier Molina to second
1-0: Foul Ball, location: 2F
1-1: Swinging Strike
1-2: Foul Ball, location: 2F
1-2: Foul Ball, location: 2F
1-2: Strikes out swinging
Batting: RHB Kris Bryant 0-0: Intentional Walk
Batting: RHB Christian Villanueva 0-0: Called Strike
0-1: Foul Ball, location: 2F
0-2: Ball
1-2: Strikes out swinging
Top of the 9th over - 0 runs, 1 hit, 0 errors, 2 left on base; Seattle 6 - Chicago 6
BOTTOM OF THE 9TH
Chicago White Sox batting - Pitching for Seattle Mariners : RHP Jose Leclerc
Pitching: RHP Matt Albers
Pinch Hitting: RHB Justin Turner 0-0: Ball
1-0: Ball
2-0: Ball
3-0: Foul Ball, location: 2F
3-1: SINGLE (Groundball, 6MD)
Pitching: RHP Gabriel Ynoa
Batting: LHB Andrew Toles 0-0: Ball
1-0: Called Strike
1-1: Fielders Choice at 2nd, 4-6 (Groundball, 4M)
Pitching: RHP Jim Johnson
Batting: LHB Michael Brantley 0-0: Swinging Strike
0-1: Ball
1-1: Ball
2-1: Foul Ball, location: 2F
2-2: Ball
3-2: Base on Balls
Andrew Toles to second
Pitching: RHP Heath Hembree
Batting: LHB Charlie Blackmon 0-0: Ball
1-0: SINGLE (Line Drive, 89S)
Andrew Toles to third
Michael Brantley to second
Runner from 3rd tries for Home, SAFE, throw made home
Friday, June 15th, 2018 - OOTP Baseball 19.6 Build 53